[Event "Titled Tuesday Blitz February 15 Early 2022"]
[White "Ter-Sahakyan, Samvel"]
[Black "Popadic, Dragan"]
[WhiteFideId "13302531"]
[BlackFideId "913650"]
[WhiteElo "2592"]
[BlackElo "2199"]
[Result "1-0"]
[Round "01"]
[TimeControl "180+1"]
[Date "2022.02.15"]
[WhiteClock "0:00:09"]
[BlackClock "0:00:09"]

1. d4 Nf6 2. Bg5 d5 3. Nd2 e6 4. e3 c5 5. c3 Nc6 6. Bd3 Be7 7. Ngf3 b6 8. O-O O-O 9. Qe2 a5 10. a3 Bb7 11. Rad1 a4 12. Ne5 Nxe5 13. dxe5 Nd7 14. Bf4 f5 15. exf6 Bxf6 16. Bg3 Qe8 17. e4 c4 18. Bc2 Nc5 19. Rfe1 Qf7 20. e5 Be7 21. Nf3 Rad8 22. Nd4 Bg5 23. f4 Bh6 24. f5 exf5 25. e6 Qe7 26. Nxf5 Rxf5 27. Bxf5 b5 28. Qg4 Rf8 29. Bh4 Qd6 30. e7 Re8 31. Be6+ Nxe6 32. Qxe6+ Qxe6 33. Rxe6 Kf7 34. Rb6 Be3+ 35. Bf2 Bxb6 36. Bxb6 Rxe7 37. Rd2 Re6 38. Bd4 Re4 39. Rf2+ Ke8 40. h3 Bc8 41. Bxg7 Be6 42. Bd4 Bf7 43. Kh2 Bg6 44. g4 Re1 45. Kg3 Be4 46. h4 Rg1+ 47. Kf4 Rh1 48. Kg5 Rg1 49. h5 Rg2 50. Rxg2 Bxg2 51. Kh6 Be4 52. Kg7 Bd3 53. g5 Be4 54. Be3 Bd3 55. g6 hxg6 56. h6 g5 57. Bxg5 Kd7 58. h7 Bxh7 59. Kxh7 d4 60. cxd4 Ke6 61. Bd2 Kd5 62. Bc3 Ke4 63. Kg6 1-0


[Site "https://www.chess.com"]

[Event "Titled Tuesday Blitz February 15 Early 2022"]
[White "Terry, Renato"]
[Black "Gatterer, Florian"]
[WhiteFideId "3803457"]
[BlackFideId "811688"]
[WhiteElo "2577"]
[BlackElo "2218"]
[Result "1-0"]
[Round "01"]
[TimeControl "180+1"]
[Date "2022.02.15"]
[WhiteClock "0:00:14"]
[BlackClock "0:00:07"]

1. e4 c6 2. Nf3 d5 3. exd5 cxd5 4. Ne5 e6 5. d4 Nc6 6. c3 Nge7 7. Bd3 Nxe5 8. dxe5 Nc6 9. Bf4 Be7 10. Qg4 g6 11. Qe2 Bg5 12. Bg3 h5 13. h3 Bd7 14. Nd2 Bh4 15. Bh2 a6 16. O-O Rc8 17. Kh1 Na5 18. f4 Be7 19. Nf3 Qc7 20. Nd4 Nc6 21. Nf3 Na5 22. Rad1 Nc4 23. Nd4 Qb6 24. b3 Na5 25. Rc1 Nc6 26. Nf3 Na7 27. c4 dxc4 28. Bxc4 O-O 29. Nd2 Bb5 30. Ne4 Bxc4 31. bxc4 Rcd8 32. Bg1 Rd4 33. Rcd1 Rfd8 34. Rxd4 Rxd4 35. Bxd4 Qxd4 36. Rd1 Qb6 37. Qf2 Qc6 38. Nf6+ Bxf6 39. exf6 b6 40. Rd8+ Kh7 41. Qd4 Qc7 42. Qd7 Qxd7 43. Rxd7 Nc6 44. Rxf7+ Kg8 45. Rb7 Na5 46. Rxb6 Nxc4 47. Rxa6 Kf7 48. a4 Kxf6 49. Rc6 Na5 50. Rc5 Nb7 51. Rc7 Na5 52. g4 hxg4 53. hxg4 e5 54. Rc5 Nb3 55. Rxe5 Nd4 56. a5 Nf3 57. a6 g5 58. Rf5+ Kg6 59. a7 gxf4 60. a8=Q Nd4 61. Qg8+ Kh6 62. Rh5# 1-0


[Site "https://www.chess.com"]

[Event "Titled Tuesday Blitz February 15 Early 2022"]
[White "Toncheva, Nadya"]
[Black "Dvirnyy, Danyyil"]
[WhiteFideId "2924056"]
[BlackFideId "817570"]
[WhiteElo "1920"]
[BlackElo "2546"]
[Result "0-1"]
[Round "01"]
[TimeControl "180+1"]
[Date "2022.02.15"]
[WhiteClock "0:00:04"]
[BlackClock "0:01:11"]

1. e4 d5 2. exd5 Qxd5 3. Nc3 Qa5 4. d4 Nf6 5. Nf3 Bf5 6. Bc4 e6 7. O-O Bb4 8. Bd2 Nc6 9. a3 Bxc3 10. Bxc3 Qb6 11. Qe2 O-O 12. a4 a6 13. a5 Qa7 14. Rfd1 Rad8 15. h3 Rd6 16. Qe3 Rfd8 17. Rac1 h6 18. Bf1 Nd5 19. Qe1 Nxc3 20. Qxc3 Be4 21. Kh1 Bxf3 22. Qxf3 Rxd4 23. Rxd4 Qxd4 24. c3 Qd2 25. Rb1 Qc2 26. Re1 Qxb2 27. Bxa6 Nxa5 28. Bd3 Nc6 29. Qe4 g6 30. Rb1 Qxc3 31. Bf1 b6 32. Qf4 Qe5 33. Qxh6 Ne7 34. Rc1 Nf5 35. Qg5 Qd6 36. h4 Kg7 37. Kg1 c5 38. h5 Qe7 39. h6+ Kh7 40. Qf4 Rd4 41. Qb8 Qd8 42. Qb7 Nxh6 43. Rb1 Rd7 44. Qxb6 Qxb6 45. Rxb6 Rc7 46. Bc4 Nf5 47. Kf1 Kg7 48. Ke2 Kf6 49. Ra6 Ke7 50. Ra5 Nd6 51. Ba2 Rb7 52. Kd2 Rb2+ 53. Ke3 g5 54. Ra7+ Kf6 55. f3 Nf5+ 56. Ke4 Rd2 57. Bb3 0-1


[Site "https://www.chess.com"]

[Event "Titled Tuesday Blitz February 15 Early 2022"]
[White "Tregubov, Pavel V."]
[Black "Carrasco Miranda, Andres"]
[WhiteFideId "4115341"]
[BlackFideId "3405990"]
[WhiteElo "2341"]
[BlackElo "2177"]
[Result "1-0"]
[Round "01"]
[TimeControl "180+1"]
[Date "2022.02.15"]
[WhiteClock "0:00:42"]
[BlackClock "0:00:37"]

1. e4 c5 2. Nf3 d6 3. Bb5+ Nd7 4. Ba4 Nf6 5. O-O g6 6. Re1 Bg7 7. c3 O-O 8. d4 b6 9. e5 dxe5 10. dxe5 Ne8 11. e6 fxe6 12. Ng5 Nc7 13. Na3 Ne5 14. Qxd8 Rxd8 15. Bf4 Rd5 16. c4 Nd3 17. cxd5 Nxf4 18. dxe6 Bxb2 19. Rad1 Bxa3 20. Rd8+ Kg7 21. g3 Nfxe6 22. Nxe6+ Nxe6 23. Rxe6 Bxe6 24. Rxa8 Bxa2 25. Rxa7 c4 26. Bd1 1-0


[Site "https://www.chess.com"]

[Event "Titled Tuesday Blitz February 15 Early 2022"]
[White "Tsyhanchuk, Stanislav"]
[Black "Mamedyarov, Shakhriyar"]
[WhiteFideId "13505130"]
[BlackFideId "13401319"]
[WhiteElo "2078"]
[BlackElo "2769"]
[Result "0-1"]
[Round "01"]
[TimeControl "180+1"]
[Date "2022.02.15"]
[WhiteClock "0:00:02"]
[BlackClock "0:02:39"]

1. e4 c5 2. Nf3 d6 3. d4 cxd4 4. Nxd4 Nf6 5. Nc3 Nc6 6. Be3 Ng4 7. Nxc6 bxc6 8. Qd2 Nxe3 9. Qxe3 Qb6 10. Qxb6 axb6 11. Bd3 g6 12. O-O Bg7 13. a4 O-O 14. Ra3 b5 15. Ra2 Be6 16. Raa1 b4 17. Nd1 Ra5 18. f4 Rfa8 19. f5 Bd7 20. fxg6 hxg6 21. Bc4 e6 22. Bb3 c5 23. Ne3 Bb5 24. Rf3 Bxa4 0-1


[Site "https://www.chess.com"]

[Event "Titled Tuesday Blitz February 15 Early 2022"]
[White "Urbina Perez, Juan Antonio"]
[Black "Galchenko, Matvey"]
[WhiteFideId "2217368"]
[BlackFideId "24175480"]
[WhiteElo "2192"]
[BlackElo "2453"]
[Result "0-1"]
[Round "01"]
[TimeControl "180+1"]
[Date "2022.02.15"]
[WhiteClock "0:00:48"]
[BlackClock "0:01:02"]

1. e4 e6 2. d4 d5 3. Nd2 a6 4. exd5 exd5 5. Bd3 Nf6 6. Ngf3 c5 7. dxc5 Bxc5 8. Qe2+ Be6 9. Nb3 Bb6 10. O-O O-O 11. Be3 Nc6 12. Bxb6 Qxb6 13. c3 Rfe8 14. Nfd4 Bg4 15. Qc2 Ne5 16. Bf5 Bh5 17. Rfe1 Rad8 18. h3 Nc4 19. Bd3 Nd6 20. Rac1 Nfe4 21. Nd2 Bg6 22. Re3 Nc5 23. Rxe8+ Rxe8 24. Bxg6 hxg6 25. N2f3 Nce4 26. Re1 Nc4 27. b3 Ncd6 28. Nd2 Rc8 29. Nxe4 Nxe4 30. Re3 Qxd4 0-1


[Site "https://www.chess.com"]

[Event "Titled Tuesday Blitz February 15 Early 2022"]
[White "Vaishali, Rameshbabu"]
[Black "Adury, Anant"]
[WhiteFideId "5091756"]
[BlackFideId "30964687"]
[WhiteElo "2343"]
[BlackElo "2321"]
[Result "1-0"]
[Round "01"]
[TimeControl "180+1"]
[Date "2022.02.15"]
[WhiteClock "0:00:11"]
[BlackClock "0:00:33"]

1. d4 Nf6 2. c4 e6 3. Nc3 d5 4. Nf3 Be7 5. Bf4 O-O 6. a3 b6 7. Qc2 c5 8. Rd1 Nc6 9. e3 cxd4 10. Nxd4 Nxd4 11. Rxd4 Bb7 12. Be2 Bd6 13. Bxd6 Qxd6 14. cxd5 Nxd5 15. O-O Qc7 16. Rc4 Qe5 17. Rd1 Rac8 18. Nxd5 exd5 19. Rxc8 Rxc8 20. Qb3 g6 21. Bf3 Kg7 22. h3 h5 23. g3 Rc5 24. Rd4 Qc7 25. Kg2 Qe5 26. Qd1 Bc6 27. Qd2 Qe6 28. b4 Rc4 29. Rxd5 b5 30. Rd4 Bxf3+ 31. Kxf3 Qc6+ 32. Rd5 Rc2 33. Qd4+ Kh7 34. Kg2 Rc4 35. Qe5 f6 36. Qe7+ Kh6 37. Qf8+ 1-0


[Site "https://www.chess.com"]

[Event "Titled Tuesday Blitz February 15 Early 2022"]
[White "Valle Maytin, Luis Enrique"]
[Black "Petesch, Gabriel"]
[WhiteFideId "3503666"]
[BlackFideId "2032465"]
[WhiteElo "1997"]
[BlackElo "2374"]
[Result "0-1"]
[Round "01"]
[TimeControl "180+1"]
[Date "2022.02.15"]
[WhiteClock "0:00:04"]
[BlackClock "0:00:05"]

1. e4 e6 2. d4 d5 3. Bd3 dxe4 4. Bxe4 Nf6 5. Bf3 c5 6. c3 cxd4 7. cxd4 Nc6 8. Ne2 Bb4+ 9. Nbc3 O-O 10. O-O Bd7 11. a3 Bd6 12. Bg5 h6 13. Bxf6 Qxf6 14. Ne4 Qe7 15. Nxd6 Qxd6 16. d5 Ne5 17. Nf4 Nxf3+ 18. Qxf3 e5 19. Ne2 Bb5 20. Rfd1 e4 21. Qe3 f5 22. Nc3 Bd7 23. Ne2 b6 24. Rd2 Rae8 25. Rad1 f4 26. Qb3 e3 27. Rc2 f3 28. Ng3 Qf4 29. fxe3 Rxe3 30. Qc4 Qf7 31. Rf2 Ree8 32. Rxf3 Qg6 33. d6+ Kh7 34. Rxf8 Rxf8 35. Qc7 Rf7 36. Re1 Qf6 37. Rf1 Qg6 38. Qc1 Rxf1+ 39. Qxf1 Qxd6 40. Qb1+ g6 41. Qc2 Kg7 42. Qc3+ Qf6 43. Ne4 Qxc3 44. Nxc3 Kf6 45. Nd5+ Ke5 46. Nc3 Kd4 47. Kf2 Kd3 48. Ke1 Kc2 49. Nd1 Bf5 50. g4 Be6 51. b4 h5 52. gxh5 gxh5 53. h4 Kb3 54. Kd2 Kxa3 55. Nf2 Kxb4 56. Nd3+ Kc4 57. Nf4 Bg4 58. Ng6 a5 59. Kc2 Be2 60. Ne5+ Kd5 61. Nd7 b5 62. Nf6+ Ke6 63. Nh7 Kf5 64. Ng5 Kg4 65. Ne6 Kxh4 66. Nd4 Bc4 67. Nc6 Kg3 68. Nxa5 h4 69. Nc6 h3 70. Ne5 h2 71. Nf3 Kxf3 0-1


[Site "https://www.chess.com"]

[Event "Titled Tuesday Blitz February 15 Early 2022"]
[White "Vine, Elzbieta"]
[Black "Plotnikov, Pavel"]
[WhiteFideId "1119320"]
[BlackFideId "4170342"]
[WhiteElo "1755"]
[BlackElo "2298"]
[Result "0-1"]
[Round "01"]
[TimeControl "180+1"]
[Date "2022.02.15"]
[WhiteClock "0:00:03"]
[BlackClock "0:00:28"]

1. e4 e6 2. f4 d5 3. Nc3 d4 4. Nce2 c5 5. d3 Nc6 6. Ng3 g6 7. Nf3 f5 8. exf5 exf5 9. Be2 Nf6 10. O-O Bg7 11. Re1 O-O 12. Bd2 Re8 13. c3 Ng4 14. Qb3+ Be6 15. Qxb7 Bd5 16. Ng5 Ne3 17. Bxe3 Rxe3 18. c4 Rb8 19. Qa6 Nb4 20. Qa4 Bc6 21. Qxa7 Qf8 22. Bf3 Bxf3 23. gxf3 Nc2 24. Rxe3 dxe3 25. Ne6 Ra8 26. Qd7 Qf7 27. Qd5 Re8 28. Nc7 Qxd5 29. cxd5 Rd8 30. Rc1 Nb4 31. a3 Nxd3 32. Rd1 Nxf4 0-1


[Site "https://www.chess.com"]

[Event "Titled Tuesday Blitz February 15 Early 2022"]
[White "Viskelis, Darius"]
[Black "Williams, Simon K"]
[WhiteFideId "12800830"]
[BlackFideId "404454"]
[WhiteElo "1999"]
[BlackElo "2468"]
[Result "0-1"]
[Round "01"]
[TimeControl "180+1"]
[Date "2022.02.15"]
[WhiteClock "0:00:01"]
[BlackClock "0:00:02"]

1. e4 e6 2. d4 d5 3. e5 c5 4. c3 Nc6 5. Nf3 Bd7 6. Na3 f6 7. Bd3 a6 8. c4 cxd4 9. cxd5 exd5 10. exf6 Nxf6 11. O-O Be7 12. Nc2 O-O 13. Ncxd4 Ne4 14. Re1 Nc5 15. Bb1 Bf6 16. Be3 Ne4 17. Qb3 Nxd4 18. Nxd4 Nd6 19. Qxd5+ Nf7 20. Qh5 g6 21. Qd1 Re8 22. Qb3 Kg7 23. a3 Bc6 24. Ba2 Ne5 25. Ne6+ Rxe6 26. Qxe6 Qd7 27. Qxd7+ Bxd7 28. Rad1 Ba4 29. b3 Bc6 30. Bd4 Ng4 31. Bxf6+ Nxf6 32. Re7+ Kh6 33. b4 Ne4 34. Bb1 Nc3 35. Rc1 Nd5 36. Ree1 Rd8 37. g3 Rf8 38. f4 Nb6 39. Rc5 Na4 40. Rce5 Nc3 41. Re7 Rd8 42. h4 Rd2 0-1


[Site "https://www.chess.com"]

[Event "Titled Tuesday Blitz February 15 Early 2022"]
[White "Vlassov, Nikolai"]
[Black "Kalajzic, Ivan"]
[WhiteFideId "4103360"]
[BlackFideId "14506378"]
[WhiteElo "2407"]
[BlackElo "2163"]
[Result "1-0"]
[Round "01"]
[TimeControl "180+1"]
[Date "2022.02.15"]
[WhiteClock "0:00:13"]
[BlackClock "0:00:33"]

1. e4 Nc6 2. d4 e5 3. dxe5 Nxe5 4. Nc3 Bc5 5. Bf4 Ng6 6. Bg3 d6 7. h4 h5 8. Nf3 Nf6 9. Qd2 Bg4 10. O-O-O O-O 11. Be2 Qe7 12. Ng5 Bxe2 13. Qxe2 Bb4 14. Nb5 Bc5 15. Rhe1 Rfe8 16. Nd4 Bxd4 17. Rxd4 Ne5 18. f3 a6 19. Nh3 Nc6 20. Rd2 d5 21. e5 Nxe5 22. Qxe5 Qb4 23. Qd4 Qa5 24. a3 c5 25. Qd3 d4 26. Rxe8+ Rxe8 27. Re2 Rd8 28. Be5 Nd5 29. Nf4 Nb6 30. Qf5 Nc4 31. Bxg7 Qb6 32. b3 Nd6 33. Qg5 Ne8 34. Bf6+ Kf8 35. Qh6+ Ng7 36. Qh8# 1-0


[Site "https://www.chess.com"]

[Event "Titled Tuesday Blitz February 15 Early 2022"]
[White "Voege, Tobias"]
[Black "Vidit, Santosh Gujrathi"]
[WhiteFideId "1270513"]
[BlackFideId "5029465"]
[WhiteElo "2335"]
[BlackElo "2654"]
[Result "1-0"]
[Round "01"]
[TimeControl "180+1"]
[Date "2022.02.15"]
[WhiteClock "0:00:59"]
[BlackClock "0:00:04"]

1. d4 Nf6 2. c4 e6 3. Nc3 Bb4 4. Nf3 b6 5. Bg5 h6 6. Bh4 Bb7 7. e3 g5 8. Bg3 Ne4 9. Qc2 d6 10. Bd3 Bxc3+ 11. bxc3 Nxg3 12. fxg3 Nd7 13. O-O Qe7 14. a4 a5 15. Nd2 O-O 16. g4 Kg7 17. Be4 d5 18. Bd3 Nf6 19. h3 h5 20. gxh5 Nxh5 21. Rae1 Rh8 22. cxd5 Bxd5 23. e4 Bb7 24. e5 Nf4 25. Be4 c6 26. Rf3 Raf8 27. Nc4 f5 28. exf6+ Rxf6 29. Rg3 Kf8 30. Ne5 c5 31. Rxg5 cxd4 32. cxd4 Nd5 33. Bxd5 Bxd5 34. Ng6+ Rxg6 35. Rxg6 Ke8 36. Qc8+ Kf7 37. Qxh8 Kxg6 38. Qg8+ Kh6 39. Rf1 Qb4 40. Rf6+ Kh5 41. Qg4# 1-0


[Site "https://www.chess.com"]

[Event "Titled Tuesday Blitz February 15 Early 2022"]
[White "Vokhidov, Shamsiddin"]
[Black "Reprintsev, Alexander"]
[WhiteFideId "14204223"]
[BlackFideId "14100541"]
[WhiteElo "2611"]
[BlackElo "2126"]
[Result "1-0"]
[Round "01"]
[TimeControl "180+1"]
[Date "2022.02.15"]
[WhiteClock "0:01:51"]
[BlackClock "0:02:03"]

1. e4 d5 2. exd5 Qxd5 3. Nc3 Qa5 4. d4 Nf6 5. Nf3 Nc6 6. Bb5 Ne4 7. Rb1 Nxc3 8. bxc3 a6 9. Bxc6+ bxc6 10. O-O Bg4 11. h3 Bh5 12. Qd3 Bg6 13. Qc4 Qd5 14. Qxd5 cxd5 15. Bf4 e6 16. Bxc7 Bxc2 17. Rb7 Ba3 18. Ne5 O-O 19. Nd7 Rfe8 20. Nb6 Rad8 21. Bxd8 Rxd8 22. Re1 h6 23. Re2 Bd3 24. Re3 Bb5 25. c4 Bc1 26. cxb5 Bxe3 27. bxa6 Bxd4 28. a7 1-0


[Site "https://www.chess.com"]

[Event "Titled Tuesday Blitz February 15 Early 2022"]
[White "Volkov, Maksim"]
[Black "Maung, Maung Kyaw Zaw Hein"]
[WhiteFideId "54123070"]
[BlackFideId "13001698"]
[WhiteElo "2081"]
[BlackElo "1785"]
[Result "1-0"]
[Round "01"]
[TimeControl "180+1"]
[Date "2022.02.15"]
[WhiteClock "0:00:12"]
[BlackClock "0:00:20"]

1. d4 d5 2. c4 c6 3. Nf3 Nf6 4. g3 Bf5 5. Bg2 e6 6. Nh4 Be4 7. f3 Bg6 8. O-O Nbd7 9. Nc3 Be7 10. cxd5 exd5 11. Nxg6 hxg6 12. e4 dxe4 13. fxe4 Nb6 14. Bg5 O-O 15. Qd3 Qd7 16. e5 Nfd5 17. Bxe7 Nxe7 18. Rad1 Rad8 19. Qe4 Qe6 20. h4 Rd7 21. Kh2 Rfd8 22. Bh3 Nf5 23. Ne2 Nc4 24. Nf4 Qe7 25. e6 Rxd4 26. Rxd4 Rxd4 27. Qf3 Rd2+ 28. Kh1 Nd4 29. exf7+ Qxf7 30. Qc3 Nb5 31. Qb4 Rxb2 32. Qxb2 Nxb2 33. Be6 Qxe6 34. Nxe6 Nc3 35. Rf8+ Kh7 36. Ng5+ Kh6 37. Rh8# 1-0


[Site "https://www.chess.com"]

[Event "Titled Tuesday Blitz February 15 Early 2022"]
[White "Vovk, Orest"]
[Black "Vargas Pereda, Jesus Manue"]
[WhiteFideId "14113490"]
[BlackFideId "5115710"]
[WhiteElo "2203"]
[BlackElo "1761"]
[Result "1-0"]
[Round "01"]
[TimeControl "180+1"]
[Date "2022.02.15"]
[WhiteClock "0:00:48"]
[BlackClock "0:00:46"]

1. h4 c5 2. h5 Nc6 3. d3 Nf6 4. h6 g6 5. Nc3 e6 6. e4 d5 7. Bg5 Be7 8. Nf3 d4 9. Ne2 e5 10. Qd2 Be6 11. a3 Qb6 12. b3 Nd7 13. Bxe7 Nxe7 14. Ng5 f6 15. Nxe6 Qxe6 16. g3 b5 17. Bh3 f5 18. f4 O-O 19. O-O Qf7 20. fxe5 Nxe5 21. Qf4 N5c6 22. Qd6 c4 23. bxc4 bxc4 24. Nf4 Rad8 25. Qe6 cxd3 26. cxd3 g5 27. Qxf7+ Kxf7 28. Nd5 Kg6 29. Rac1 Nxd5 30. Rxc6+ Nf6 31. e5 g4 32. Bg2 Kxh6 33. exf6 Kg6 34. f7+ Kxf7 35. Rxf5+ Kg7 36. Rc7+ Kg6 37. Rxf8 Rxf8 38. Be4+ Kf6 39. Rxh7 a5 40. Ra7 1-0


[Site "https://www.chess.com"]

[Event "Titled Tuesday Blitz February 15 Early 2022"]
[White "Wartiovaara, Oliver"]
[Black "Omariev, Maksim"]
[WhiteFideId "513024"]
[BlackFideId "4193423"]
[WhiteElo "1971"]
[BlackElo "2534"]
[Result "1-0"]
[Round "01"]
[TimeControl "180+1"]
[Date "2022.02.15"]
[WhiteClock "0:00:04"]
[BlackClock "0:00:14"]

1. e4 c5 2. Nf3 d6 3. d3 Nc6 4. Be2 g6 5. O-O Bg7 6. h3 e5 7. c3 Nge7 8. Be3 O-O 9. a3 f5 10. b4 f4 11. Bc1 h6 12. Bb2 g5 13. d4 Ng6 14. dxc5 dxc5 15. Qxd8 Rxd8 16. b5 Na5 17. c4 Be6 18. Nfd2 b6 19. Rd1 Nxc4 20. Nxc4 Rxd1+ 21. Bxd1 Bxc4 22. Nc3 Rd8 23. a4 Rd2 24. Bc1 Rd3 25. Bb2 Nf8 26. a5 Bf6 27. axb6 axb6 28. Nd5 Bxd5 29. exd5 Kf7 30. Ra7+ Ke8 31. Bh5+ Kd8 32. Ra8+ Ke7 33. Re8+ Kd6 34. Rxf8 Be7 35. Rb8 Kxd5 36. Rxb6 c4 37. Rc6 Rb3 38. Bf7+ Ke4 39. Rxc4+ Kd3 40. Rd4+ exd4 41. Bxb3 Bc5 42. Kf1 Kd2 43. g3 d3 44. gxf4 gxf4 45. Bd5 Kc2 46. Be5 d2 47. Be4+ Kc1 48. Bxf4 Kd1 49. Bf3+ Kc2 50. Be4+ Kc3 51. Ke2 Kb4 52. Bd3 d1=Q+ 53. Kxd1 Bxf2 54. Ke2 Bb6 55. Kf3 Kc3 56. Bf5 h5 57. Bg6 Kc4 58. Be8 Bd8 59. Be3 Kb4 60. b6 Ka5 61. b7 Bc7 62. Bf4 Kb6 63. b8=Q+ Bxb8 64. Bxb8 Kc5 65. Kf4 Kd5 66. Kg5 Ke6 67. Kxh5 Ke7 68. Bg6 Kf6 69. Bf4 Kg7 70. Kg5 Kf8 71. Kf6 Kg8 72. Bh6 Kh8 73. Bg7+ Kg8 74. Bh6 Kh8 75. h4 Kg8 76. Bf5 Kh8 77. Kg6 Kg8 78. Be6+ Kh8 79. Bg7# 1-0


[Site "https://www.chess.com"]

[Event "Titled Tuesday Blitz February 15 Early 2022"]
[White "Willow, Jonah B"]
[Black "Vivas Zamora, Fabian Ernesto"]
[WhiteFideId "438804"]
[BlackFideId "3902480"]
[WhiteElo "2261"]
[BlackElo "1966"]
[Result "1-0"]
[Round "01"]
[TimeControl "180+1"]
[Date "2022.02.15"]
[WhiteClock "0:00:20"]
[BlackClock "0:00:06"]

1. e4 e5 2. Nf3 Nc6 3. Nc3 Nf6 4. Bb5 Nd4 5. Bc4 Bc5 6. Nxe5 Qe7 7. Nf3 d5 8. Nxd5 Qxe4+ 9. Ne3 Bg4 10. Be2 Nxe2 11. Qxe2 O-O-O 12. d3 Bxf3 13. Qxf3 Qxf3 14. gxf3 Rhe8 15. Rg1 g6 16. Kf1 Nd5 17. Nxd5 Rxd5 18. Bd2 Rf5 19. Rg5 Ree5 20. Rxf5 Rxf5 21. Kg2 Bd6 22. Re1 Rh5 23. h3 Kd7 24. Re4 Rc5 25. Bc3 Rg5+ 26. Kf1 Rh5 27. Kg2 Rg5+ 28. Rg4 Rf5 29. Rh4 h5 30. Ra4 a6 31. Re4 Rg5+ 32. Kf1 Rf5 33. Ke2 b5 34. a4 Rg5 35. Bf6 Rg2 36. b3 Rh2 37. h4 c5 38. d4 c4 39. axb5 cxb3 40. cxb3 axb5 41. Ke3 Rh1 42. Be5 Rb1 43. Bxd6 Rxb3+ 44. Kf4 Kxd6 45. Re8 Rb2 46. Rd8+ Ke7 47. Rb8 Ke6 48. Ke4 Re2+ 49. Kf4 Rb2 50. Ke4 Rb3 51. Rb6+ Ke7 52. d5 Rb2 53. Rb7+ Kd6 54. Rb6+ Kc5 55. Rc6+ Kb4 56. d6 Rd2 57. Ke5 Ka5 58. Rc7 b4 59. Rxf7 Kb6 60. Rf8 b3 61. Rb8+ Kc6 62. Rxb3 Rd5+ 63. Kf6 Rxd6+ 64. Kg5 Kd7 65. Rb7+ Ke6 66. Kxg6 Ke5+ 67. Kxh5 Kf4 68. Rf7+ Ke5 69. Kg4 Rg6+ 70. Kh3 Rg8 71. h5 Rg5 72. Kh4 Rg2 73. h6 Ke6 74. Rf4 Rxf2 75. Kg5 Rg2+ 76. Kh5 Rh2+ 77. Rh4 Rb2 78. h7 Rb8 79. Kg6 1-0


[Site "https://www.chess.com"]

[Event "Titled Tuesday Blitz February 15 Early 2022"]
[White "Xiong, Jeffery"]
[Black "Kuzmin, Roman"]
[WhiteFideId "2047640"]
[BlackFideId "44134932"]
[WhiteElo "2727"]
[BlackElo "1978"]
[Result "1-0"]
[Round "01"]
[TimeControl "180+1"]
[Date "2022.02.15"]
[WhiteClock "0:02:22"]
[BlackClock "0:01:14"]

1. e4 c5 2. Nf3 d6 3. d4 cxd4 4. Nxd4 Nf6 5. Nc3 a6 6. Bd3 b5 7. a4 b4 8. Nd5 Bb7 9. Nxf6+ gxf6 10. Qh5 Nc6 11. Nxc6 Bxc6 12. Bc4 d5 13. exd5 Bb7 14. d6 Qxd6 15. Bxf7+ Kd8 16. Be3 Kc7 17. Qa5+ Kc8 18. Rd1 Qc7 19. Be6+ Kb8 20. Rd8+ 1-0


[Site "https://www.chess.com"]

[Event "Titled Tuesday Blitz February 15 Early 2022"]
[White "Zheenbekov, Nurgazy"]
[Black "Sychev, Klementy"]
[WhiteFideId "13800485"]
[BlackFideId "4114060"]
[WhiteElo "1959"]
[BlackElo "2564"]
[Result "1-0"]
[Round "01"]
[TimeControl "180+1"]
[Date "2022.02.15"]
[WhiteClock "0:00:01"]
[BlackClock "0:00:03"]

1. e4 Nc6 2. Nf3 d6 3. d4 Nf6 4. Nc3 g6 5. Bc4 Bg7 6. O-O O-O 7. h3 Nxe4 8. Nxe4 d5 9. Bd3 dxe4 10. Bxe4 Nxd4 11. c3 Nxf3+ 12. Qxf3 c6 13. Bg5 Be6 14. Rfe1 Re8 15. Bc2 Bd5 16. Qe3 Qc7 17. Bb3 e5 18. Rad1 Bxb3 19. axb3 f6 20. Bh6 Bxh6 21. Qxh6 Rad8 22. Qe3 Qb6 23. Qf3 Kg7 24. b4 Qb5 25. Qe3 Qb6 26. Qf3 a6 27. h4 h5 28. Qe2 Rxd1 29. Rxd1 Rd8 30. Rxd8 Qxd8 31. g3 Qd5 32. Qe3 Qd7 33. Qb6 Kf7 34. Qa7 Ke6 35. Qc5 Qd6 36. Qa7 Qd1+ 37. Kh2 Qe2 38. Kg1 Qd1+ 39. Kg2 Qd5+ 40. Kg1 Qd7 41. Qb8 Kf5 42. Qa7 Qd1+ 43. Kg2 Qd7 44. Kg1 e4 45. Qc5+ Qd5 46. Qb6 Qb5 47. Qd4 Qd5 48. Qb6 Qd7 49. Qc5+ Ke6 50. Qe3 f5 51. Qg5 Kf7 52. Qh6 Qd1+ 53. Kh2 Qf3 54. Kg1 f4 55. Qh7+ Kf6 56. Qh8+ Kf5 57. Qf8+ Ke5 58. Qg7+ Kd5 59. Qxg6 e3 60. Qg5+ Ke6 61. fxe3 Qxe3+ 62. Kh2 Qf2+ 63. Kh3 Qf1+ 64. Kh2 Qf2+ 65. Kh3 f3 66. Qg6+ Ke7 67. Qg7+ Ke6 68. Qg6+ Kd7 69. Qf7+ Kc8 70. Qf8+ Kc7 71. Qf4+ Kb6 72. Qd4+ 1-0


[Site "https://www.chess.com"]

[Event "Titled Tuesday Blitz February 15 Early 2022"]
[White "Zhu, Jiner"]
[Black "Bortnyk, Olexandr"]
[WhiteFideId "8608059"]
[BlackFideId "14120828"]
[WhiteElo "2281"]
[BlackElo "2723"]
[Result "0-1"]
[Round "01"]
[TimeControl "180+1"]
[Date "2022.02.15"]
[WhiteClock "0:00:04"]
[BlackClock "0:00:56"]

1. e4 Nf6 2. e5 Nd5 3. d4 d6 4. Nf3 dxe5 5. Nxe5 c6 6. Be2 Bf5 7. O-O Nd7 8. Nxd7 Qxd7 9. c4 Nb4 10. Na3 e6 11. Be3 Be7 12. Qd2 O-O 13. Rad1 Rfd8 14. Bf3 h6 15. h3 b6 16. Qc3 Nxa2 17. Qb3 Nb4 18. Bf4 a5 19. g4 Bg6 20. Rfe1 Bd6 21. Bxd6 Qxd6 22. Bg2 Qf4 23. Qe3 Qxe3 24. fxe3 Ra7 25. Rd2 Rad7 26. Red1 e5 27. Kf1 Kf8 28. Ke1 f6 29. dxe5 Rxd2 30. Rxd2 Rxd2 31. Kxd2 fxe5 32. Kc3 Ke7 33. e4 Kd6 34. Nb1 Na6 35. Nd2 Nc5 36. b4 axb4+ 37. Kxb4 Ne6 38. h4 Nd4 39. Kc3 Bf7 40. h5 Be6 41. Bh3 Ne2+ 42. Kc2 Nf4 43. Bf1 Bxg4 44. Nb3 Bxh5 0-1


[Site "https://www.chess.com"]

[Event "Titled Tuesday Blitz February 15 Early 2022"]
[White "Abramov, Alexander"]
[Black "Shuvalova, Polina"]
[WhiteFideId "4174089"]
[BlackFideId "24171760"]
[WhiteElo "2142"]
[BlackElo "2355"]
[Result "0-1"]
[Round "02"]
[TimeControl "180+1"]
[Date "2022.02.15"]
[WhiteClock "0:00:01"]
[BlackClock "0:01:28"]

1. e4 c6 2. d4 d5 3. Nc3 dxe4 4. Nxe4 Nf6 5. Nxf6+ exf6 6. c3 Bd6 7. Bd3 O-O 8. Qc2 Re8+ 9. Ne2 h5 10. Be3 Nd7 11. O-O-O Nf8 12. Nf4 g6 13. Nxg6 fxg6 14. Bxg6 Bg4 15. Rde1 Re7 16. h3 Bd7 17. Bxh5 Qa5 18. Bg4 Qxa2 19. Bh6 Rae8 20. Rxe7 Rxe7 21. Bd1 Qa1+ 22. Kd2 Qa5 23. Bxf8 Bf4+ 0-1


[Site "https://www.chess.com"]

[Event "Titled Tuesday Blitz February 15 Early 2022"]
[White "Al Hosani, Omran"]
[Black "Indjic, Aleksandar"]
[WhiteFideId "9308733"]
[BlackFideId "911925"]
[WhiteElo "2246"]
[BlackElo "2616"]
[Result "0-1"]
[Round "02"]
[TimeControl "180+1"]
[Date "2022.02.15"]
[WhiteClock "0:00:10"]
[BlackClock "0:01:10"]

1. d4 Nf6 2. c4 c5 3. d5 e6 4. Nc3 exd5 5. cxd5 d6 6. e4 g6 7. Nf3 a6 8. a4 Bg4 9. Be2 Bxf3 10. Bxf3 Nbd7 11. O-O Bg7 12. Bf4 Qe7 13. Re1 O-O 14. e5 dxe5 15. d6 Qe6 16. Bxb7 Ra7 17. Bf3 Rb8 18. Qd2 Rb4 19. Be3 e4 20. Be2 Rab7 21. Rab1 R7b6 22. Red1 Bf8 23. a5 Rxd6 24. Qc2 Rbd4 25. Na4 Qe5 26. Bxd4 cxd4 27. Qc7 d3 28. Bf1 Ng4 29. g3 Qd4 30. Rd2 Qxa4 31. b4 Nge5 32. Bg2 Rc6 33. Qa7 Rc2 34. Rdd1 Bxb4 35. Qd4 Rc4 36. Qb2 Bc5 37. Ra1 Qc2 38. Qb7 Qxf2+ 39. Kh1 Ng4 40. h3 Qxg3 41. Qb8+ Nxb8 0-1


[Site "https://www.chess.com"]